 Dungeon Crawl Stone Soup version 0.31-a0-1616-gbeaec30b81 (webtiles) character file.

Game seed: 15371732954495571383

837 Flugslaktarn the Trooper (level 7, -13/64 HPs)
             Began as a Minotaur Fighter on Jan 11, 2024.
             Was a Follower of Cheibriados.
             Mangled by an ogre
             ... wielding a +0 giant spiked club
              (16 damage)
             ... on level 4 of the Dungeon.
             The game lasted 00:01:09 (2225 turns).

Flugslaktarn the Trooper (Minotaur Fighter)         Turns: 2225, Time: 00:01:09

Health: -13/64     AC: 11    Str: 25    XL:     7   Next: 66%
Magic:  6/7        EV:  8    Int:  7    God:    Cheibriados [*.....]
Gold:   64         SH:  5    Dex: 11    Spells: 6/6 levels left

rFire   . . .        a - +0 war axe
rCold   . . .        c - +0 buckler
rNeg    . . .        l - +0 chain mail
rPois   .            (helmet restricted)
rElec   .            (no cloak)
rCorr   .            (no gloves)
SInv    .            k - +0 pair of boots
Will    .....        (no amulet) Stlth
                     (no ring)
HPRegen 0.30/turn    (no ring)
MPRegen 0.10/turn

%: no passive effects
@: lit by a corona, glowing, very slow
A: horns 2, retaliatory headbutt
a: Renounce Religion, Bend Time


You were on level 4 of the Dungeon.
You worshipped Cheibriados.
Cheibriados was aware of your devotion.
You visited 2 branches of the dungeon, and saw 6 of its levels.

You collected 64 gold pieces.

Inventory:

Hand Weapons
 a - a +0 war axe (weapon)
Missiles
 o - a throwing net (quivered)
Armour
 b - a +0 scale mail
 c - a +0 buckler (worn)
 k - a +0 pair of boots (worn)
   (You found it on level 4 of the Dungeon)
 l - a +0 chain mail (worn)
   (You took it off Edmund on level 4 of the Dungeon)
Jewellery
 i - a ring of ice
   (You found it on level 3 of the Dungeon)
Scrolls
 g - 5 scrolls of identify {unknown}
 n - a scroll of immolation {unknown}
 p - a scroll of fear {unknown}
 q - a scroll of revelation {unknown}
Potions
 d - a potion of might
 e - 2 potions of resistance {unknown}
 f - a potion of heal wounds {unknown}
 h - a potion of curing {unknown}
 j - a potion of berserk rage
 m - a potion of lignification {unknown}


   Skills:
 * Level 6.9 Fighting
 * Level 6.4 Axes
 + Level 5.4 Armour
 + Level 5.3 Shields
 + Level 1.3 Invocations


You had 6 spell levels left.
You didn't know any spells.
Your spell library contained the following spells:

 Spells                   Type           Power      Damage    Failure   Level
 Sublimation of Blood     Necr           0%         N/A       99%         2
 Petrify                  Alch/Erth      0%         N/A       100%        4
 Irradiate                Conj/Alch      0%         3d11      100%        5


Dungeon Overview and Level Annotations

Branches:
Dungeon (5/15)             Temple (1/1) D:4

Altars:
Ashenzari
Cheibriados
Elyvilon
Fedhas
Gozag
Hepliaklqana
Makhleb
Nemelex Xobeh
Okawaru
Ru
Sif Muna
Trog
Uskayaw
Vehumet
Xom
Yredelemnul
Zin
The Shining One

Annotations:
D:4 1 runed translucent door, Inarius's ghost, amateur OpFi
D:5 Dowan; Duvessa; Ijyb


Innate Abilities, Weirdness & Mutations

You have a pair of horns on your head.
You reflexively headbutt those who attack you in melee.


Message History

Inarius's ghost whispers, "Death is liberation."
There is a stone staircase leading down here.
You climb downwards.
Duvessa shouts!
Dowan shouts!
The orc shouts! x2
The jelly quivers.
The hound barks!
The orc shouts!
The orc wizard shouts!
The orc shouts! x2
Found a trident, a shiny gilded ring and a scale mail.
There is a stone staircase leading up here.
There are monsters nearby!
Unknown command.
There are monsters nearby!
You slash the hound!
The hound is almost dead.
You block the hound's attack.
Dowan points at you and mumbles some strange words.
You are outlined in light.
An orc comes into view. It is wielding a +0 club.
The orc wizard gestures wildly while chanting.
The orc wizard flickers and vanishes!
Deactivating autopickup; reactivate with Ctrl-A.
The orc shouts!
You hit the hound.
You kill the hound!
Cheibriados thoroughly appreciates the change of pace.
You hear a shout!
Dowan casts a spell at you. The puff of flame misses you.
An orc priest comes into view. It is wielding a +0 whip.
An adder comes into view.
You closely miss the orc.
The adder hisses angrily.
Your headbutt misses the orc. The orc hits you but does no damage.
You hit the quokka.
The quokka is lightly wounded.
You hit the orc. The orc hits you with a +0 club. The quokka barely misses you.
You closely miss the orc. You headbutt the orc.
The orc is severely wounded.
You slash the orc!
You kill the orc!
Cheibriados appreciates the change of pace.
You can now bend time to slow others.
Cheibriados raises the support of your attributes as your movement slows.
You closely miss the quokka. You slash the orc priest!
You hit Duvessa but do no damage. The quokka barely misses you.
Ijyb the Twisted Goblin comes into view.
She is wielding a +2 dagger of venom and carrying a wand of polymorph.
Duvessa hits you with a +0 short sword.
The orc priest hits you but does no damage.
You block the quokka's attack.
Ijyb shouts!
The ogre hits you with a +0 giant spiked club!!
The orc hits you but does no damage.
Dowan says, "My weaknesses are her strengths!"
Duvessa hits you with a +0 short sword! The jelly hits you but does no damage.
The orc priest closely misses you.
The quokka bites you but does no damage.
You climb upwards.
Level annotation: 1 runed translucent door, Inarius's ghost, amateur OpFi Reactivating autopickup.
There is a stone staircase leading down here.
You are too injured to fight recklessly!
You are too injured to fight recklessly!
You are too injured to fight recklessly!
You are too injured to fight recklessly!
You slash the orc priest!
You kill the orc priest!
Cheibriados appreciates the change of pace.
You barely miss the quokka. You barely miss the orc. You slash the ogre!
You hit the orc. You slash the jelly!
Your hands burn!
* * * LOW HITPOINT WARNING * * *
The orc hits you but does no damage. You block the orc's attack.
The jelly hits you but does no damage.
The quokka bites you but does no damage.
The ogre hits you but does no damage. The orc closely misses you.
You furiously retaliate!
You headbutt the orc!
You kill the orc!
Cheibriados appreciates the change of pace.
You block the orc's attack. The jelly hits you but does no damage.
You slash the ogre!
The ogre is severely wounded.
You hit the jelly.
You kill the jelly!
Cheibriados appreciates the change of pace.
You hit the quokka.
You kill the quokka!
Cheibriados appreciates the change of pace.
You hit the orc. The orc hits you but does no damage.
The ogre closely misses you.
You hit the ogre. Your headbutt misses the ogre.
The ogre is severely wounded.
You slash the orc!
You kill the orc!
Cheibriados appreciates the change of pace.
The ogre hits you with a +0 giant spiked club!
* * * LOW HITPOINT WARNING * * *
You hit the ogre but do no damage.
The ogre is severely wounded.
You hit the ogre.
The ogre is almost dead.
The ogre hits you with a +0 giant spiked club!
You die...

###.#.)..#~........#P..#
....#..######)###..#P..#
##..#.........#[##.###.#
....##...........#...#.#
###.#................#.#
.##.#######..#########.#
.##....................#
.###.#..#....#.##†##.####
...............)@)##.##.#
................)O##.##.##
####.#...................# #
#.#.......#.#..##.##..#
####.#.......#.#..##.##..####
....<...###.................#
####...##⌠##.............####
###...##...##.....##.##..#
.#...##.....##....##.##..#


You could see an ogre.

Vanquished Creatures
  Sigmund (D:4)
  Edmund (D:4)
  2 black bears (D:4)
  An ogre (D:4)
  A bullfrog (D:4)
  2 jellies (D:4)
  An orc priest (D:4)
  A hound (D:5)
  An iguana (D:4)
  An orc wizard (D:4)
  3 gnolls (D:4)
  A dart slug (D:1)
  8 orcs
  4 endoplasms
  2 giant cockroaches (D:3)
  A hobgoblin (D:2)
  4 kobolds
  2 quokkas (D:4)
  6 ball pythons
  2 bats (D:1)
  2 frilled lizards
  4 goblins
  3 rats
54 creatures vanquished.

Notes
Turn   | Place    | Note
-------+----------+-------------------------------------------
     0 | D:1      | Flugslaktarn the Minotaur Fighter began the quest for the
                  | Orb.
     0 | D:1      | Reached XP level 1. HP: 19/19 MP: 0/0
   192 | D:1      | Reached XP level 2. HP: 23/27 MP: 1/1
   467 | D:4      | Reached XP level 3. HP: 27/33 MP: 2/2
   503 | D:4      | Found a runed translucent door.
   507 | D:4      | Noticed a black bear
   509 | D:4      | Noticed a black bear
   513 | D:4      | Killed a black bear
   514 | D:4      | Reached XP level 4. HP: 34/41 MP: 3/3
   526 | D:4      | Killed a black bear
   527 | D:4      | Reached skill level 5 in Fighting
   527 | D:4      | Reached XP level 5. HP: 13/48 MP: 4/4
   673 | D:4      | Noticed Inarius's ghost (amateur OpFi)
   695 | D:4      | Noticed Sigmund
   704 | D:4      | Killed Sigmund
   705 | D:4      | Reached skill level 5 in Axes
   705 | D:4      | Reached XP level 6. HP: 20/57 MP: 5/5
   896 | D:4      | Noticed Edmund
   905 | D:4      | Killed Edmund
  1095 | D:4      | Found a staircase to the Ecumenical Temple.
  1158 | Temple   | Entered the Ecumenical Temple
  1166 | Temple   | Became a worshipper of Cheibriados the Contemplative
  1271 | D:4      | Reached skill level 5 in Armour
  1271 | D:4      | Reached skill level 5 in Shields
  1271 | D:4      | Reached XP level 7. HP: 28/64 MP: 6/6
  1471 | D:4      | Reached skill level 1 in Invocations
  2054 | D:4      | Found a shimmering blue altar of Sif Muna.
  2213 | D:5      | Entered Level 5 of the Dungeon
  2213 | D:5      | Noticed Duvessa
  2213 | D:5      | Noticed Dowan
  2218 | D:5      | Reached * piety under Cheibriados
  2218 | D:5      | Noticed Ijyb
  2223 | D:4      | HP: 2/64 [ogre/+0 giant spiked club (16)]
  2225 | D:4      | Mangled by an ogre

Illustrated notes

Levels and vault maps discovered:
D:1:      lightli_arrival_noodles, layout_loops_corners, serial_forest,
          infiniplex_forest_clump_C, infiniplex_forest_end_2,
          infiniplex_forest_clump_cross, infiniplex_forest_clump_curved,
          infiniplex_forest_clump_tiny, hex_medium
D:2:      layout_basic
D:3:      layout_loops_ring
D:4:      layout_basic, nicolae_sif_muna_little_library,
          lemuel_temple_firewalk_a, hellmonk_ghost_happy_afterlife,
          sigmund_edmund_badplayer
D:5:      layout_rooms, hangedman_decor_peaks_small, uniq_ijyb, uniq_duvessa,
          uniq_grinder
Temple:   sentei_temple_godly_chess

Skill      XL: |  1  2  3  4  5  6  7 |
---------------+----------------------+-----
Axes           | 3 4 5 6 |  6.4
Fighting       | 4 5 6 |  6.9
Armour         | 4 5 |  5.4
Shields        | 4 5 |  5.3
Invocations    | 1 |  1.3

Action                     |  1- 3 |  4- 6 |  7- 9 || total
---------------------------+-------+-------+-------++-------
  Melee: War axe           |    47 |    41 |    52 ||   140
         Headbutt          |     3 |     6 |     9 ||    18
    Use: Potion            |       |     1 |       ||     1
 Armour: Scale mail        |    40 |    37 |       ||    77
         Chain mail        |       |     3 |    52 ||    55
  Dodge: Dodged            |    24 |    22 |    21 ||    67
  Block: Buckler           |     9 |     6 |    13 ||    28

Table legend: (Time is in decaauts)
 A = Elapsed time spent in this place.
 B = Non-inter-level travel time spent in this place.
 C = Inter-level travel time spent in this place.
 D = Time resting spent in this place.
 E = Time spent auto-exploring this place.
 F = Levels seen in this place.
 G = Mean time per level.
                   A        B        C        D        E       F      G
               +--------+--------+--------+--------+--------+-----+--------+
         Total |   2518 |   2433 |     85 |    143 |   1931 |   6 |  419.7 |
       Dungeon |   2501 |   2425 |     76 |    143 |   1931 |   5 |  500.2 |
        Temple |     17 |      9 |      8 |      0 |      0 |   1 |   17.0 |
               +--------+--------+--------+--------+--------+-----+--------+

Top non-repeatable levels by time:
     D:4: 2041 daAuts
     D:1: 305 daAuts
     D:3: 113 daAuts
     D:2: 33 daAuts
  Temple: 17 daAuts
     D:5: 7 daAuts
